 Dungeon Crawl Stone Soup version 0.22.1-2-g9c5b331 (webtiles) character file.

327 Monzz the Chopper (level 6, -5/56 HPs)
             Began as a Hill Orc Monk on Jan 2, 2019.
             Slain by an ogre
             ... wielding a +0 giant club
              (18 damage)
             ... on level 4 of the Dungeon on Jan 3, 2019.
             The game lasted 00:10:15 (2739 turns).

Monzz the Chopper (Hill Orc Monk)                   Turns: 2739, Time: 00:10:16

Health: -5/56      AC:  7    Str: 16    XL:     6   Next: 50%
Magic:  6/6        EV: 12    Int: 10    God:
Gold:   139        SH:  0    Dex: 13    Spells: 5/5 levels left

rFire    . . .     SeeInvis .   a - +1 hand axe
rCold    . . .     Gourm    .   (no shield)
rNeg     . . .     Faith    .   f - +0 ring mail
rPois    .         Spirit   .   (no helmet)
rElec    .         Reflect  .   e - +1 cloak
rCorr    .         Harm     .   (no gloves)
MR       .....                  (no boots)
Stlth    +.........             r - amulet of rage
HPRegen  0.18/turn              (no ring)
MPRegen  0.10/turn              (no ring)

@: no status effects
A: no striking features
a: Evoke Berserk Rage


You were on level 4 of the Dungeon.
You were very hungry.

You visited 1 branch of the dungeon, and saw 4 of its levels.

You collected 139 gold pieces.

Inventory:

Hand Weapons
 a - a +1 hand axe (weapon)
 h - a +0 flail of crushing
Armour
 e - a +1 cloak (worn)
 f - a +0 ring mail (worn)
Jewellery
 q - a cursed ring of attention {unknown}
 r - an amulet of rage (around neck)
Scrolls
 j - a scroll of enchant armour
 o - a scroll of immolation
 p - 3 scrolls of teleportation
Potions
 b - a potion of brilliance {unknown}
 d - 2 potions of haste {unknown}
 g - 4 potions of curing {unknown}
 i - a potion of resistance {unknown}
 l - a potion of berserk rage {unknown}
 m - a potion of agility {unknown}
Comestibles
 c - 7 rations


   Skills:
 + Level 5.0 Fighting
 + Level 6.8 Axes
 + Level 2.4 Armour
 + Level 3.1 Dodging
 + Level 2.0 Stealth
 + Level 0.1 Evocations


You had 5 spell levels left.
You didn't know any spells.
Your spell library was empty.

Dungeon Overview and Level Annotations

Branches:
Dungeon (4/15)             Temple (0/1) D:4

Altars:
Fedhas
Yredelemnul
The Shining One

Annotations:
D:4 Menkaure


Message History

The ogre hits you with a giant club!
You hit the ogre.
The ogre is heavily wounded.
You hit the ogre.
The ogre is heavily wounded.
The ogre hits you with a giant club!!
Ouch! That really hurt!
* * * LOW HITPOINT WARNING * * *
You hit the ogre.
The ogre is severely wounded.
The ogre barely misses you.
You hit the ogre.
The ogre is almost dead.
The ogre barely misses you.
You hit the ogre.
The ogre is almost dead.
You hit the ogre.
The ogre is almost dead.
The ogre hits you with a giant club!!
You die...

#### ##### ##.### #...#
#..#.# #._.# .....###
#...# .......# ###.###
.#.....######8...8####
.##......##..........#..
#####................(.(
.# ###.........@O......
.# ###.####....###### .#
### ####.# .# ## ..


You could see an ogre.

Vanquished Creatures
  Edmund (D:4)
  A howler monkey (D:2)
  A hound (D:3)
  A gnoll (D:4)
  3 adders (D:3)
  An ooze (D:2)
  3 worms
  A dart slug (D:1)
  5 leopard geckos
  3 orcs (D:3)
  2 ball pythons
  8 giant cockroaches
  10 goblins
  10 hobgoblins
  A quokka (D:2)
  10 bats
  3 frilled lizards
  7 kobolds
  A quokka skeleton (D:4)
  12 rats
84 creatures vanquished.

Notes
Turn   | Place    | Note
-------+----------+-------------------------------------------
     0 | D:1      | Monzz the Hill Orc Monk began the quest for the Orb.
     0 | D:1      | Reached XP level 1. HP: 19/19 MP: 1/1
    52 | D:1      | Reached XP level 2. HP: 6/27 MP: 2/2
   494 | D:1      | Reached XP level 3. HP: 29/33 MP: 3/3
   804 | D:2      | Reached skill level 5 in Axes
   896 | D:2      | Reached XP level 4. HP: 22/40 MP: 4/4
  1592 | D:3      | Reached skill level 1 in Armour
  1742 | D:3      | Reached XP level 5. HP: 43/47 MP: 5/5
  1818 | D:3      | Reached skill level 6 in Axes
  2300 | D:3      | Found a blossoming altar of Fedhas.
  2433 | D:4      | Noticed Edmund
  2454 | D:4      | Killed Edmund
  2454 | D:4      | Reached XP level 6. HP: 55/55 MP: 6/6
  2543 | D:4      | Found a staircase to the Ecumenical Temple.
  2544 | D:4      | Noticed Menkaure
  2553 | D:4      | Reached skill level 5 in Fighting
  2675 | D:4      | Found a basalt altar of Yredelemnul.
  2681 | D:4      | Noticed a hand axe
  2682 | D:4      | Noticed a dagger
  2718 | D:4      | Found a glowing golden altar of the Shining One.
  2739 | D:4      | Slain by an ogre

Skill      XL: |  1  2  3  4  5  6 |
---------------+-------------------+-----
Fighting       | 4 5 |  5.0
Axes           | 5 6 |  6.8
Armour         | 1 2 |  2.4
Dodging        | 3 |  3.1
Stealth        | 2 |  2.0
Evocations     | |  0.1

Action                   |  1- 3 |  4- 6 || total
-------------------------+-------+-------++-------
Melee: Hand axe          |   102 |   210 ||   312
Throw: Tomahawk          |       |     3 ||     3
 Abil: Evoke Berserk Rag |       |     1 ||     1
  Use: Scroll            |       |     9 ||     9
 Stab: Sleeping          |     2 |     1 ||     3
  Eat: Chunk             |       |     6 ||     6
Armor: Robe              |     6 |       ||     6
       Ring mail         |    20 |    60 ||    80
Dodge: Dodged            |    65 |   116 ||   181
